 Dungeon Crawl Stone Soup version 0.31-a0-221-gbddc013574 (webtiles) character file.

Game seed: 8816480174526642391

68 qw the Chopper (level 4, 0/28 HPs)
             Began as a Gargoyle Fighter on July 4, 2023.
             Slain by Natasha (8 damage)
             ... on level 2 of the Dungeon.
             The game lasted 00:00:53 (1425 turns).

qw the Chopper (Gargoyle Fighter)                   Turns: 1425, Time: 00:00:54

Health: 0/28       AC: 10    Str: 21    XL:     4   Next: 19%
Magic:  4/4        EV:  9    Int:  9    God:
Gold:   77         SH:  4    Dex:  9    Spells: 3/3 levels left

rFire   . . .        Y - +0 war axe
rCold   . . .        c - +0 buckler
rNeg    + . .        b - +0 scale mail
rPois   inf          (no helmet)
rElec   +            g - scarf {repulsion}
rCorr   .            (no gloves)
SInv    .            (no boots)
Will    .....        (no amulet) Stlth
                     (no ring)
HPRegen 0.24/turn    (no ring)
MPRegen 0.09/turn

%: repel missiles
@: slowed, very slow
A: sickness immunity, AC +3, negative energy resistance 1, electricity
resistance, torment resistance 1, petrification resistance
a: no special abilities


You were on level 2 of the Dungeon.
You visited 1 branch of the dungeon, and saw 2 of its levels.

You collected 77 gold pieces.


Innate Abilities, Weirdness & Mutations

You are immune to sickness and miasma.
Your stone body is resilient. (AC +3)
You are immune to poison.
You resist negative energy. (rN+)
You are resistant to electric shocks. (rElec)
You are resistant to unholy torment.
You are immune to petrification.


   Skills:
 - Level 3.2 Fighting
 + Level 3.9 Axes
 - Level 3.2 Armour
 - Level 3.2 Shields


You had 3 spell levels left.
You didn't know any spells.
Your spell library was empty.

Inventory:

Hand Weapons
 f - a +0 flail
 Y - a +0 war axe (weapon)
Armour
 b - a +0 scale mail (worn)
 c - a +0 buckler (worn)
 g - a scarf of repulsion (worn)
Jewellery
 a - a ring of see invisible
 k - a ring of willpower
Scrolls
 e - 2 scrolls of identify {unknown}
 j - a scroll of fog {unknown}
Potions
 d - 2 potions of might
 h - a potion of cancellation {unknown}
 i - a potion of enlightenment {unknown}
 l - a potion of heal wounds {unknown}

Dungeon Overview and Level Annotations

Branches:
Dungeon (2/15)

Altars:

Annotations:
D:2 Natasha


Message History

You hit Natasha.
Natasha is severely wounded.
Natasha claws you but does no damage. Natasha claws you.
You closely miss Natasha.
Natasha is severely wounded.
Natasha claws you but does no damage. Natasha claws you!
You hit Natasha.
Natasha is severely wounded.
Natasha casts a spell at you. You resist with some effort.
Natasha closely misses you.
You hit Natasha.
Natasha is almost dead.
Natasha claws you but does no damage.
Natasha stares at you and mumbles some strange words.
You feel as though you will be slow longer.
You closely miss Natasha.
Natasha is almost dead.
Natasha casts a spell at you. You resist with some effort. Natasha claws you.
You barely miss Natasha.
Natasha is almost dead.
Natasha closely misses you.
Natasha wildly gestures.
You feel troubled.
Natasha stares at you and mumbles some strange words.
The magic dart hits you but does no damage.
You closely miss Natasha.
Natasha is almost dead.
You block Natasha's attack. Natasha claws you but does no damage.
You barely miss Natasha.
Natasha is almost dead.
Natasha claws you. x2
You closely miss Natasha.
Natasha is almost dead.
Natasha claws you but does no damage. Natasha closely misses you.
You barely miss Natasha.
Natasha is almost dead.
Natasha casts a spell at you. You resist with some effort. Natasha claws you!
You die...

.... .... ..... ######
######### ...... #....#
#.......# ...... #....#
#.......## h.....##....##
#.........
...h...#@....######..####
#..h<............#...
##.#................#
#.#.....##..........
#..####..<..........
##..####............
##...###...........
######....#..........
##..............##...#


You could see Natasha.

Vanquished Creatures
  2 adders (D:2)
  A worm (D:2)
  A dart slug (D:1)
  8 endoplasms
  A giant cockroach (D:2)
  3 goblins
  4 hobgoblins
  3 jackals (D:1)
  3 kobolds
  3 quokkas
  4 ball pythons
  2 bats
  2 frilled lizards (D:1)
  4 rats
41 creatures vanquished.

Notes
Turn   | Place    | Note
-------+----------+-------------------------------------------
     0 | D:1      | qw the Gargoyle Fighter began the quest for the Orb.
     0 | D:1      | Reached XP level 1. HP: 14/14 MP: 1/1
     0 | D:1      | 0 ||| qw: Version: 0.3-a-41-g9d075ac
     0 | D:1      | 0 ||| qw: Game counter: 721
     0 | D:1      | 0 ||| qw: Melee chars always use a shield: true
     0 | D:1      | 0 ||| qw: God list: Okawaru
     0 | D:1      | 0 ||| qw: Allow faded altars: false
     0 | D:1      | 0 ||| qw: Do Orc after clearing Dungeon:15 true
     0 | D:1      | 0 ||| qw: Do second Lair branch before Depths: true
     0 | D:1      | 0 ||| qw: Lair rune preference: random
     0 | D:1      | 0 ||| qw: Goals: Normal, Zot:1-4, Slime:5, God:TSO, Crypt,
                  | Tomb, Abyss, Pan, Hells, Win
     0 | D:1      | 0 ||| PLANNING D:1-11
   145 | D:1      | 145 ||| DROPPING +0 club.
   355 | D:1      | Reached XP level 2. HP: 19/19 MP: 2/2
   691 | D:1      | Reached skill level 3 in Axes
   695 | D:1      | Reached XP level 3. HP: 21/23 MP: 3/3
   913 | D:1      | 913 ||| UPGRADING to scarf of repulsion.
   918 | D:1      | 918 ||| READING scroll labelled VOOFRO BIOLA.
   921 | D:1      | 921 ||| READING scroll labelled QETRECEOGH.
   922 | D:1      | 922 ||| READING scroll labelled HUTOGH DAITI.
   959 | D:2      | 959 ||| FLEEEEING.
   961 | D:2      | 961 ||| STAIRDANCE
   991 | D:2      | 991 ||| Stepping ~*~*~tactically~*~*~ (stealth).
  1103 | D:2      | Found a faded altar of an unknown god.
  1221 | D:2      | 1221 ||| Stepping ~*~*~tactically~*~*~ (stealth).
  1223 | D:2      | 1223 ||| Stepping ~*~*~tactically~*~*~ (stealth).
  1235 | D:2      | Reached XP level 4. HP: 21/28 MP: 4/4
  1247 | D:2      | 1247 ||| FLEEEEING.
  1405 | D:2      | Noticed Natasha
  1406 | D:2      | 1406 ||| FLEEEEING.
  1409 | D:2      | 1409 ||| Stepping ~*~*~tactically~*~*~ (hiding).
  1410 | D:2      | 1410 ||| Stepping ~*~*~tactically~*~*~ (hiding).
  1423 | D:2      | HP: 7/28 [Natasha (3)]
  1425 | D:2      | Slain by Natasha

Levels and vault maps discovered:
D:1:      giann_horns, layout_loops_corners
D:2:      layout_rooms, hellmonk_ecumenical_altar_arch_garden,
          minmay_hexomino_c4, uniq_natasha

Skill      XL: |  1  2 |
---------------+-------+-----
Axes           | 2 3 |  3.9
Fighting       | |  3.2
Armour         | |  3.2
Shields        | |  3.2

Action                     |  1- 3 |  4- 6 || total
---------------------------+-------+-------++-------
  Melee: War axe           |   118 |    21 ||   139
    Use: Scroll            |     3 |       ||     3
 Armour: Scale mail        |    48 |    11 ||    59
  Dodge: Dodged            |    64 |    13 ||    77
  Block: Buckler           |    24 |     2 ||    26

Table legend:
 A = Non-vault XP
 B = Vault XP
 C = Vault XP percentage of total XP
 D = Non-vault monster count
 E = Vault monster count
 F = Vault count percentage of total count
                 A         B        C        D         E       F
            +---------+---------+-------+---------+---------+-------
      Total |      72 |      26 |  26.5 |      34 |       7 |  17.1
            +---------+---------+-------+---------+---------+-------
        D:1 |      44 |       0 |   0.0 |      24 |       0 |   0.0
        D:2 |      28 |      26 |  48.1 |      10 |       7 |  41.2
            +---------+---------+-------+---------+---------+-------
